 Dungeon Crawl Stone Soup version 0.27-a0-341-g40fdf68bc5 (webtiles) character file.

Game seed: 2423074329450807110

63 Chiseanne the Skirmisher (level 3, 0/29 HPs)
             Began as a Demonspawn Wanderer on Feb 14, 2021.
             Succumbed to a goblin's poison
             ... on level 2 of the Dungeon.
             The game lasted 00:02:22 (1450 turns).

Chiseanne the Skirmisher (Demonspawn Wanderer)      Turns: 1450, Time: 00:02:23

Health: 0/29       AC:  2    Str: 12    XL:     3   Next: 87%
Magic:  4/4        EV: 13    Int: 12    God:
Gold:   44         SH:  0    Dex: 14    Spells: 4/4 levels left

rFire    . . .     SeeInvis .   a - +2 quarterstaff
rCold    . . .     Faith    .   (shield currently unavailable)
rNeg     . . .     Spirit   .   d - +0 robe
rPois    .         Reflect  .   (no helmet)
rElec    .         Harm     .   (no cloak)
rCorr    .         Rampage  .   (no gloves)
Will     .....                  (no boots)
Stlth    ++........             (no amulet)
HPRegen  0.09/turn              (no ring)
MPRegen  0.09/turn              (no ring)

@: lethally poisoned (0 -> -22)
A: claws 1
a: no special abilities


You were on level 2 of the Dungeon.
You visited 1 branch of the dungeon, and saw 2 of its levels.

You collected 44 gold pieces.

Inventory:

Hand Weapons
 a - a +2 quarterstaff (weapon)
Missiles
 e - 16 stones (quivered)
Armour
 d - a +0 robe (worn)
Scrolls
 b - 2 scrolls of enchant armour {unknown}
 c - a scroll of identify {unknown}


   Skills:
 * Level 3.3 Fighting
 - Level 1.0 Staves
 * Level 2.5 Dodging
 - Level 1.0 Stealth
 - Level 1.0 Spellcasting
 - Level 1.0 Summonings
 - Level 1.0 Transmutations
 - Level 2.0 Evocations


You had 4 spell levels left.
You didn't know any spells.
Your spell library contained the following spells:

 Spells                   Type           Power        Failure   Level
 Summon Small Mammal      Summ           12%          21%         1
 Sting                    Tmut/Pois      4%           24%         1
 Call Canine Familiar     Summ           3%           52%         3
 Spider Form              Tmut/Pois      0%           58%         3


Dungeon Overview and Level Annotations

Branches:
Dungeon (2/15)

Altars:


Innate Abilities, Weirdness & Mutations

You have sharp fingernails.


Message History

The jackal bites you. The jackal barely misses you.
You sock the jackal!
You kill the jackal!
The frilled lizard closely misses you.
You miss the frilled lizard. The frilled lizard bites you.
You sock the frilled lizard!
You kill the frilled lizard!
You barely miss the goblin. The goblin hits you with a +0 dagger.
You sock the goblin!
You kill the goblin!
The goblin shouts!
Things that are here:
a +0 dagger; a frilled lizard corpse; a jackal corpse
Things that are here:
a jackal corpse; a jackal corpse The goblin hits you with a +2 dagger of venom.
You are poisoned.
You see here a frilled lizard corpse.
You closely miss the goblin.
You feel sick.
The goblin hits you with a +2 dagger of venom.
You are lethally poisoned!
The goblin hits you but does no damage.
You closely miss the goblin.
You feel sick. The goblin hits you but does no damage.
You closely miss the goblin.
* * * LOW HITPOINT WARNING * * *
You feel sick. The goblin hits you but does no damage.
You are more poisoned.
You closely miss the goblin.
* * * LOW HITPOINT WARNING * * *
You feel sick. The goblin misses you.
The goblin hits you with a +2 dagger of venom.
* * * LOW HITPOINT WARNING * * *
You are more poisoned.
You closely miss the goblin.
* * * LOW HITPOINT WARNING * * *
You feel sick. The goblin closely misses you.
You hit the goblin.
The goblin is severely wounded.
You die...

......#..........#
.................# .. ..
....#............# ...# ..
#...#..........# ...#.#.
#.............# .....#.
#.###.#......# <.....##
#.###.##..####
....(..###....)###.#
##.()†.@g†..# #.#
#...####....###.##### #...#
#....#.......# ......#
#....#.......# ..#.!#..#
#............# ........
...#..##...####
.#......$.......##.#..######
... ...............#.....#..
..l..........(.....##.#.#.#.


You could see a goblin.

Vanquished Creatures
  2 adders (D:2)
  An ooze (D:1)
  A worm (D:2)
  2 leopard geckos
  3 giant cockroaches (D:1)
  3 goblins (D:2)
  2 hobgoblins (D:1)
  10 jackals
  A ball python (D:2)
  4 frilled lizards
  4 rats
33 creatures vanquished.

Notes
Turn   | Place    | Note
-------+----------+-------------------------------------------
     0 | D:1      | Chiseanne the Demonspawn Wanderer began the quest for the
                  | Orb.
     0 | D:1      | Chiseanne set off with the following items: a +2
                  | quarterstaff, a +0 robe; and the following spells available
                  | to memorise: Summon Small Mammal, Sting, Call Canine
                  | Familiar, Spider Form
     0 | D:1      | Reached XP level 1. HP: 16/16 MP: 2/2
   185 | D:1      | Gained mutation: You have sharp fingernails. [demonic
                  | ancestry]
   185 | D:1      | Reached XP level 2. HP: 14/23 MP: 3/3
   405 | D:2      | Reached XP level 3. HP: 6/28 MP: 4/4
  1218 | D:2      | Reached skill level 3 in Fighting
  1450 | D:2      | Succumbed to a goblin's poison

Illustrated notes

Levels and vault maps discovered:
D:1:      lightli_arrival_windingriver, layout_loops_ring,
          amcnicky_mini_pool_small, chequers_serial_rivers_room_b
D:2:      layout_rooms, minmay_tiny_reverse_x

Skill      XL: |  1  2  3 |
---------------+----------+-----
Dodging        | 2 |  2.5
Fighting       | 3 |  3.3
Staves         | |  1.0
Stealth        | |  1.0
Spellcasting   | |  1.0
Summonings     | |  1.0
Transmutations | |  1.0
Evocations     | |  2.0

Action                   || total
-------------------------++-------
Melee: Quarterstaff      ||    95
Throw: Stone             ||     8
 Stab: Sleeping          ||     4
Armor: Robe              ||    17
Dodge: Dodged            ||    64

Table legend: (Time is in decaauts)
 A = Elapsed time spent in this place.
 B = Non-inter-level travel time spent in this place.
 C = Inter-level travel time spent in this place.
 D = Time resting spent in this place.
 E = Time spent auto-exploring this place.
 F = Levels seen in this place.
 G = Mean time per level.
                   A        B        C        D        E       F      G
               +--------+--------+--------+--------+--------+-----+--------+
         Total |   1479 |   1479 |      0 |    959 |    182 |   2 |  739.5 |
       Dungeon |   1479 |   1479 |      0 |    959 |    182 |   2 |  739.5 |
               +--------+--------+--------+--------+--------+-----+--------+

Top non-repeatable levels by time:
     D:1: 879 daAuts
     D:2: 599 daAuts
